 Dungeon Crawl Stone Soup version 0.30-a0-824-g6c64550be9 (webtiles) character file.

Game seed: 17770907259006502192

318 Newt the Skirmisher (level 6, 0/40 HPs)
             Began as a Kobold Hunter on Feb 27, 2023.
             Was an Initiate of Hepliaklqana.
             Slain by a lemure (7 damage)
             ... led by Pikel
             ... in the Ecumenical Temple.
             The game lasted 00:02:43 (3290 turns).

Newt the Skirmisher (Kobold Hunter)                 Turns: 3290, Time: 00:02:44

Health: 0/40       AC:  4    Str:  9    XL:     6   Next: 74%
Magic:  6/6        EV: 14    Int: 10    God:    Hepliaklqana [......]
Gold:   200        SH:  4    Dex: 20    Spells: 5/5 levels left

rFire   . . .      SeeInvis .    k - +1 sling
rCold   . . .      Faith    .    n - +0 buckler
rNeg    . . .      Spirit   .    c - +0 leather armour
rPois   .          Reflect  .    (no helmet)
rElec   .          Harm     .    (no cloak)
rCorr   .          Rampage  .    d - +0 pair of gloves
Will    .....                    (no boots)
Stlth   +++                      (no amulet)
HPRegen 0.26/turn                p - ring of wizardry
MPRegen 0.10/turn                (no ring)

@: no status effects
A: small, no large weapons, nightstalker 3
a: Renounce Religion


You were in the Ecumenical Temple.
You worshipped Hepliaklqana.
Hepliaklqana was noncommittal.
You visited 2 branches of the dungeon, and saw 5 of its levels.

You collected 200 gold pieces.

Inventory:

Hand Weapons
 a - a +0 shortbow
 k - a +1 sling (weapon)
Armour
 c - a +0 leather armour (worn)
 d - a +0 pair of gloves (worn)
 n - a +0 buckler (worn)
Jewellery
 p - a ring of wizardry (left hand)
Scrolls
 b - a scroll of immolation
 f - a scroll of magic mapping
 i - 2 scrolls of teleportation
 l - a scroll of blinking
 o - 3 scrolls of identify
Potions
 e - a potion of curing
 g - 4 potions of heal wounds
 h - 2 potions of haste {unknown}
 j - a potion of attraction {unknown}
 m - 2 potions of mutation {unknown}
 q - a potion of brilliance {unknown}


   Skills:
 - Level 5.0 Fighting
 + Level 8.3 Ranged Weapons
 - Level 2.4 Dodging
 - Level 1.3 Stealth


You had 5 spell levels left.
You didn't know any spells.
Your spell library contained the following spells:

 Spells                   Type           Power      Damage    Failure   Level
 Summon Small Mammal      Summ           0%         N/A       32%         1
 Call Canine Familiar     Summ           0%         N/A       65%         3
 Portal Projectile        Hex/Tloc       0%         N/A       65%         3
 Summon Guardian Golem    Hex/Summ       0%         N/A       65%         3
 Leda's Liquefaction      Hex/Erth       0%         N/A       96%         4


Dungeon Overview and Level Annotations

Branches:
Dungeon (4/15)             Temple (1/1) D:4

Altars:
Ashenzari
Cheibriados
Dithmenos
Elyvilon
Fedhas
Hepliaklqana
Kikubaaqudgha
Makhleb
Nemelex Xobeh
Okawaru
Qazlal
Ru
Sif Muna
Trog
Uskayaw
Vehumet
Wu Jian
Xom
Yredelemnul
Zin
The Shining One

Annotations:
D:4 Pikel


Innate Abilities, Weirdness & Mutations

You are small and have problems with some larger weapons.
You are completely attuned to the shadows.


Message History

The orc wizard is severely wounded.
You block the lemure's attack.
The orc wizard hits you with a +2 dagger of protection.
You shoot a sling bullet.
The sling bullet closely misses the orc wizard.
The lemure barely misses you. The orc wizard misses you.
The lemure hits you but does no damage. The orc wizard closely misses you.
You shoot a sling bullet. The sling bullet hits the orc wizard!
You kill the orc wizard!
The lemure hits you.
You shoot a sling bullet.
The sling bullet hits the lemure but does no damage.
The lemure is lightly wounded.
The lemure hits you.
* * * LOW HITPOINT WARNING * * *
You shoot a sling bullet. The sling bullet hits the lemure.
The lemure is lightly wounded.
The lemure misses you.
You shoot a sling bullet. The sling bullet hits the lemure.
The lemure is moderately wounded.
The lemure hits you.
* * * LOW HITPOINT WARNING * * *
You shoot a sling bullet.
The sling bullet hits the lemure but does no damage.
The lemure is moderately wounded.
You block the lemure's attack.
You shoot a sling bullet.
The sling bullet barely misses the lemure.
The lemure hits you.
* * * LOW HITPOINT WARNING * * *
You feel better. The lemure barely misses you.
You shoot a sling bullet.
The sling bullet barely misses the lemure.
The lemure hits you!
* * * LOW HITPOINT WARNING * * *
You feel better. The lemure hits you but does no damage.
You shoot a sling bullet.
The sling bullet closely misses the lemure.
The lemure hits you!
You die...

###......_.....
##..............
##......_........
##................
#.................
##......_..........
#..................
#5)................
#.@...._.........⌠.
#.)................
#..................
##......_..........
#.................
....... .......
_...... ...


You could see a lemure.

Vanquished Creatures
  Sigmund (D:3)
  An orc priest (Temple)
  An orc wizard (Temple)
  A gnoll (D:2)
  2 adders (D:3)
  3 worms
  4 dart slugs
  4 orcs
  3 ball pythons
  7 bats
  5 endoplasms
  2 giant cockroaches
  2 goblins
  4 hobgoblins
  9 jackals
  3 kobolds
  2 quokkas (D:1)
  2 frilled lizards (D:1)
  8 rats
64 creatures vanquished.

Notes
Turn   | Place    | Note
-------+----------+-------------------------------------------
     0 | D:1      | Newt the Kobold Hunter began the quest for the Orb.
     0 | D:1      | Reached XP level 1. HP: 12/12 MP: 1/1
   224 | D:1      | Reached XP level 2. HP: 19/19 MP: 2/2
   379 | D:1      | Reached XP level 3. HP: 24/24 MP: 3/3
  1062 | D:2      | Reached XP level 4. HP: 30/30 MP: 4/4
  1317 | D:2      | Found a faded altar of an unknown god.
  2036 | D:3      | Reached skill level 5 in Fighting
  2224 | D:3      | Noticed Sigmund
  2233 | D:3      | Killed Sigmund
  2234 | D:3      | Reached skill level 7 in Ranged Weapons
  2234 | D:3      | Reached XP level 5. HP: 27/35 MP: 5/5
  2234 | D:3      | Reached XP level 6. HP: 31/40 MP: 6/6
  2269 | D:3      | Found a burning altar of Makhleb.
  2286 | D:3      | Found a bloodstained altar of Trog.
  2286 | D:3      | Found a blossoming altar of Fedhas.
  2288 | D:3      | Found a hide-covered altar of Uskayaw.
  3063 | D:4      | Found a staircase to the Ecumenical Temple.
  3100 | Temple   | Entered the Ecumenical Temple
  3219 | Temple   | Became a worshipper of Hepliaklqana the Forgotten
  3262 | D:4      | Noticed Pikel
  3272 | Temple   | Reached skill level 8 in Ranged Weapons
  3286 | Temple   | HP: 1/40 [lemure[Pikel] (6)]
  3290 | Temple   | Slain by a lemure

Illustrated notes

Levels and vault maps discovered:
D:1:      wheals_arrival_shading, layout_basic, ebering_dispersal_statue_hall
D:2:      layout_loops_ring, shapermc_ecumenical_altar_flowoftime,
          minmay_fractal_squares_5
D:3:      layout_loops_ring, chequers_temple_overflow_statue_of_worship,
          general_overflow_altar, serial_aquarium, aquarium_bridge_straight
          [aquarium_subvault_bridge, aquarium_subvault_window,
          aquarium_subvault_bridge, aquarium_subvault_wall],
          aquarium_bridge_square [aquarium_subvault_balcony,
          aquarium_subvault_bridge, aquarium_subvault_window,
          aquarium_subvault_bridge], aquarium_window_2, aquarium_window_3,
          aquarium_window_fake, aquarium_view_2a, aquarium_balcony_1b,
          uniq_sigmund
D:4:      layout_basic, minmay_temple_entry_mini_moons, serial_shops, shop,
          kennysheep_mini_moat, minmay_manual_mail, uniq_natasha, uniq_pikel,
          uniq_crazy_yiuf_cottage
Temple:   compressed_dpeg_circular_temple

Skill      XL: |  1  2  3  4  5  6 |
---------------+-------------------+-----
Fighting       | 3 4 5 |  5.0
Ranged Weapons | 7 8 |  8.3
Dodging        | |  2.4
Stealth        | |  1.3

Action                     |  1- 3 |  4- 6 || total
---------------------------+-------+-------++-------
  Melee: Sling             |       |     3 ||     3
   Fire: Shortbow          |   101 |    23 ||   124
         Sling             |       |    87 ||    87
    Use: Scroll            |     3 |     4 ||     7
         Potion            |       |     3 ||     3
 Armour: Leather armour    |    21 |    15 ||    36
  Dodge: Dodged            |    56 |    49 ||   105
  Block: Buckler           |       |     7 ||     7

Table legend: (Time is in decaauts)
 A = Elapsed time spent in this place.
 B = Non-inter-level travel time spent in this place.
 C = Inter-level travel time spent in this place.
 D = Time resting spent in this place.
 E = Time spent auto-exploring this place.
 F = Levels seen in this place.
 G = Mean time per level.
                   A        B        C        D        E       F      G
               +--------+--------+--------+--------+--------+-----+--------+
         Total |   3341 |   3148 |    193 |    304 |   2434 |   5 |  668.2 |
       Dungeon |   3163 |   3018 |    145 |    304 |   2348 |   4 |  790.8 |
        Temple |    177 |    130 |     47 |      0 |     86 |   1 |  177.0 |
               +--------+--------+--------+--------+--------+-----+--------+

Top non-repeatable levels by time:
     D:1: 1069 daAuts
     D:3: 1041 daAuts
     D:2: 976 daAuts
  Temple: 177 daAuts
     D:4: 76 daAuts
